 Dungeon Crawl Stone Soup version 0.28-a0-751-gef3a642a4e (webtiles) character file.

Game seed: 5370189803733425290

2916 jasper the Magician (level 10, -1/73 HPs)
             Began as a Djinni Venom Mage on Oct 30, 2021.
             Was a Follower of Makhleb.
             Slain by a wight (4 damage)
             ... on level 6 of the Dungeon.
             The game lasted 00:12:55 (9604 turns).

jasper the Magician (Djinni Venom Mage)             Turns: 9604, Time: 00:12:56

Health: -1/73      AC:  7    Str:  2    XL:     10   Next: 6%
Gold:   315        EV: 13    Int: 24    God:    Makhleb [*.....] SH:  0 Dex: 14

rFire   + + .      SeeInvis .   b - +5 long sword of Responsibility {vorpal, Will+ rCorr Str-5 Int+4}
rCold   x . .      Faith    .   (no shield)
rNeg    . . .      Spirit   .   u - +0 leather armour
rPois   ∞          Reflect  .   (no helmet)
rElec   .          Harm     .   (no cloak)
rCorr   +          Rampage  .   (no gloves)
Will    ++...                   (boots unavailable)
Stlth   ++........              (no amulet)
HPRegen 0.22/turn               r - +4 ring of protection
MPRegen 0.00/turn               (no ring)

@: flying
A: sickness immunity, fire resistance 2, cold vulnerability 1, float, innate
caster, hp casting, extra vitality 1
a: Renounce Religion


You were on level 6 of the Dungeon.
You worshipped Makhleb.
Makhleb was aware of your devotion.
You visited 2 branches of the dungeon, and saw 8 of its levels.

You collected 1534 gold pieces.
You spent 1219 gold pieces at shops.

Inventory:

Hand Weapons
 b - the +5 long sword of Responsibility (weapon) {vorpal, Will+ rCorr Str-5 Int+4}
   (You bought it in a shop on level 1 of the Dungeon)

   It inflicts extra damage upon your enemies.
   Str:       It affects your strength (-5).
   Int:       It affects your intelligence (+4).
   rCorr:     It protects you from acid and corrosion.
   Will:      It increases your willpower.
 v - a +1 great sword of freezing
Armour
 a - a +1 robe
 u - a +0 leather armour (worn)
Magical Staves
 e - a staff of fire
Jewellery
 h - a ring of positive energy
 p - a ring of ice
 r - a +4 ring of protection (left hand)
Wands
 s - a wand of flame (17)
Scrolls
 d - a scroll of teleportation
 f - 2 scrolls of fog
 m - a scroll of noise
 n - 2 scrolls of vulnerability
 o - a scroll of silence
 t - a scroll of magic mapping
Potions
 c - a potion of resistance
 g - a potion of attraction
 i - a potion of lignification
 j - 2 potions of brilliance
 k - a potion of haste
 l - a potion of flight {unknown}
 q - 2 potions of curing


   Skills:
 + Level 6.4 Fighting
 + Level 7.5 Dodging
 - Level 1.5 Stealth
 * Level 7.6 Spellcasting


You had 4 spell levels left.
You knew the following spells:

 Your Spells              Type           Power      Damage    Failure   Level
a - Sting                 Tmut/Pois      100%       1d8       1%          1
b - Poisonous Vapours     Pois/Air       90%        N/A       1%          2
c - Mephitic Cloud        Conj/Pois/Air  45%        N/A       1%          3
d - Olgreb's Toxic Radia  Pois           45%        N/A       7%          4
e - Animate Skeleton      Necr           90%        N/A       1%          1
f - Wereblood             Tmut           45%        N/A       1%          2
g - Spider Form           Tmut/Pois      22%        N/A       1%          3
h - Animate Armour        Summ/Erth      90%        N/A       7%          4
Your spell library was empty.

Dungeon Overview and Level Annotations

Branches:
Dungeon (7/15)             Temple (1/1) D:6

Altars:
Cheibriados
Dithmenos
Fedhas
Gozag
Hepliaklqana
Makhleb
Nemelex Xobeh
Okawaru
Qazlal
Ru
Sif Muna
Trog
Vehumet
Wu Jian
Xom
Zin
The Shining One

Shops:
D:1 (   D:4 :*??=

Annotations:
D:7 Maggie


Innate Abilities, Weirdness & Mutations

You are immune to sickness and miasma.
You are immune to poison.
Your flesh is very heat resistant. (rF++)
You are vulnerable to cold. (rC-)
You float through the air rather than walking.
You learn spells naturally, not from books.
Your magical power is your life essence.
You have superior vitality. (+4 HP)


Message History

Maggie attempts to bespell you! You resist with almost no effort.
There is a stone staircase leading up here.
The wight hits you with a +4 falchion of freezing.
The wight freezes you.
You fly upwards.
There is a stone staircase leading down here.
You take 3 damage, and have 40/73 hp.
Casting: Olgreb's Toxic Radiance (dangerous; 7% risk of failure)
Confirm with . or Enter, or press ? or * to list all spells.
The wight hits you with a +4 falchion of freezing.
The wight freezes you.
You take 6 damage, and have 34/73 hp.
You hit the wight but do no damage. The wight closely misses you.
The wight hits you with a +4 falchion of freezing.
The wight freezes you.
You take 7 damage, and have 27/73 hp.
You hit the wight but do no damage. The wight misses you.
You hit the wight.
The wight is heavily damaged.
The wight hits you with a +4 falchion of freezing!
* * * LOW HITPOINT WARNING * * *
The wight freezes you.
* * * LOW HITPOINT WARNING * * *
The wight hits you with a +4 falchion of freezing.
* * * LOW HITPOINT WARNING * * *
The wight freezes you.
* * * LOW HITPOINT WARNING * * *
You take 16 damage, and have 11/73 hp.
MASSIVE DAMAGE!!
You barely miss the wight.
The wight is heavily damaged.
The wight hits you with a +4 falchion of freezing!
* * * LOW HITPOINT WARNING * * *
The wight freezes you.
* * * LOW HITPOINT WARNING * * *
You take 10 damage, and have 1/73 hp.
You feel better.
The wight hits you with a +4 falchion of freezing.
* * * LOW HITPOINT WARNING * * *
The wight freezes you.
You die...

#.......##########.###
#.......# #...####
#.......## ###....####
#........#### ####....#
##>..........##
#####..##
..##########.[###
#.....## #...## ##...#
#.#####
###..##########.#####.#
##............@.....#
########....z[....##
#............###
#..............# #
#............### ##
##..........## .##
##....#...## ..##
###...##### ...#
#...###


You could see a wight (ally target) and a friendly animated leather armour
(summoned).

Vanquished Creatures
  Pikel (D:6)
  A troll (D:6)
  Eustachio (D:4)
  A water moccasin (D:5)
  2 black bears
  A necrophage (D:7)
  An ogre (D:4)
  A centaur (D:3)
  A phantom (D:5)
  4 lemures (D:7)
  A kobold brigand (D:6)
  A bullfrog (D:7)
  Blork the orc (D:4)
  4 scorpions
  6 killer bees (D:7)
  2 wights
  2 howler monkeys
  3 hounds
  2 orc priests
  3 iguanas
  13 adders
  An ufetubus (D:4)
  A worm (D:5)
  2 dart slugs (D:3)
  9 orcs
  3 ball pythons
  10 endoplasms
  4 goblins
  5 hobgoblins
  8 jackals
  11 kobolds
  A quokka (D:1)
  6 bats
  4 frilled lizards
  5 rats
122 creatures vanquished.

Vanquished Creatures (collateral kills)
  An ice beast (D:7)
  A necrophage (D:7)
  A wight (D:7)
3 creatures vanquished.

Vanquished Creatures (others)
  A frilled lizard (D:3)
  46 plants (D:4)
47 creatures vanquished.

Grand Total: 172 creatures vanquished

Notes
Turn   | Place    | Note
-------+----------+-------------------------------------------
     0 | D:1      | jasper the Djinni Venom Mage began the quest for the Orb.
     0 | D:1      | Reached XP level 1. HP: 15/15 MP: 0/0
   354 | D:1      | Found Iviemeqy's Antique Weapon Shoppe.
   699 | D:1      | Reached XP level 2. HP: 9/22 MP: 0/0
  1762 | D:1      | Reached skill level 1 in Fighting
  1762 | D:1      | Reached XP level 3. HP: 23/27 MP: 0/0
  1762 | D:1      | Learned a level 1 spell: Animate Skeleton
  2112 | D:1      | Found a faded altar of an unknown god.
  2273 | D:1      | Identified a scroll of acquirement
  2273 | D:1      | Acquired 1182 gold pieces
  2341 | D:1      | Bought a warped long sword for 195 gold pieces
  2341 | D:1      | Identified the +5 long sword of Responsibility {vorpal,
                  | Will+ rCorr Str-5 Int+4} (You bought it in a shop on level
                  | 1 of the Dungeon)
  2905 | D:2      | Reached XP level 4. HP: 27/32 MP: 0/0
  3584 | D:3      | Found a glowing golden altar of the Shining One.
  3647 | D:3      | Reached XP level 5. HP: 16/38 MP: 0/0
  3647 | D:3      | Learned a level 2 spell: Wereblood
  4388 | D:3      | Noticed a centaur
  4423 | D:3      | Killed a centaur
  4424 | D:3      | Reached XP level 6. HP: 11/45 MP: 0/0
  4796 | D:3      | Found a bloodstained altar of Trog.
  4812 | D:3      | Found a shimmering altar of Xom.
  5068 | D:4      | Found Eqaops's Magic Scroll Shoppe.
  5069 | D:4      | Found a blossoming altar of Fedhas.
  5183 | D:4      | You are sucked into a shaft and drop 2 floors!
  5194 | D:5      | Entered Level 5 of the Dungeon
  5218 | D:6      | Reached XP level 7. HP: 15/50 MP: 0/0
  5218 | D:6      | Learned a level 3 spell: Spider Form
  5853 | D:5      | Found an opulent altar of Gozag.
  5853 | D:5      | Found a sparkling altar of Nemelex Xobeh.
  5853 | D:5      | Noticed a water moccasin
  5876 | D:5      | Killed a water moccasin
  6119 | D:5      | Reached skill level 5 in Spellcasting
  6119 | D:5      | Reached XP level 8. HP: 51/58 MP: 0/0
  6263 | D:5      | Reached skill level 5 in Dodging
  6587 | D:4      | Found Larepn's Book Shoppe.
  6677 | D:4      | Found Ahorphohi's Magic Scroll Boutique.
  6684 | D:4      | Bought a scroll of teleportation for 42 gold pieces
  6684 | D:4      | Bought a scroll of fog for 28 gold pieces
  6684 | D:4      | Bought a scroll of vulnerability for 105 gold pieces
  6684 | D:4      | Bought a scroll of silence for 105 gold pieces
  6697 | D:4      | Found Cyzim's Assorted Antiques.
  6946 | D:4      | Bought a twisted cabochon ring for 100 gold pieces
  6946 | D:4      | Bought a scroll labelled AMADUY CAGIB for 20 gold pieces
  6946 | D:4      | Bought a bubbling green potion for 18 gold pieces
  6946 | D:4      | Bought a scroll labelled CIAZO OH TON for 20 gold pieces
  6946 | D:4      | Bought a scroll labelled YCENNI GIOKOH for 20 gold pieces
  6946 | D:4      | Bought a bubbling green potion for 18 gold pieces
  6946 | D:4      | Bought a bubbling green potion for 18 gold pieces
  6946 | D:4      | Bought a scroll of identify for 40 gold pieces
  6946 | D:4      | Bought a scroll of identify for 40 gold pieces
  6946 | D:4      | Bought a dark potion for 18 gold pieces
  6993 | D:4      | Noticed Blork the orc
  7008 | D:4      | Killed Blork the orc
  7010 | D:4      | Found Wefraustre's Jewellery Shoppe.
  7018 | D:4      | Bought a +4 ring of protection for 432 gold pieces
  7263 | D:4      | Noticed Eustachio
  7284 | D:4      | Killed Eustachio
  7916 | D:6      | Found a staircase to the Ecumenical Temple.
  7930 | Temple   | Entered the Ecumenical Temple
  7935 | Temple   | Became a worshipper of Makhleb the Destroyer
  8025 | D:6      | Reached skill level 5 in Fighting
  8025 | D:6      | Reached XP level 9. HP: 26/65 MP: 0/0
  8025 | D:6      | Learned a level 4 spell: Animate Armour
  8288 | D:6      | Noticed a troll
  8348 | D:6      | Killed a troll
  8779 | D:7      | Noticed Pikel
  8792 | D:6      | Killed Pikel
  9227 | D:7      | Reached * piety under Makhleb
  9286 | D:7      | Reached XP level 10. HP: 35/73 MP: 0/0
  9576 | D:7      | Noticed Maggie
  9603 | D:6      | HP: 1/73 [wight (4)]
  9604 | D:6      | Slain by a wight

Illustrated notes

Levels and vault maps discovered:
D:1:      wander_arrival_abandoned_jail, layout_basic, serial_shops, shop_coins,
          dilly_ecumenical_altar_fadedgnrine
D:2:      layout_loops_cross
D:3:      layout_loops_ring, mainiacjoe_overflow_small_starburst,
          mainiacjoe_overflow_swirl, corexii_corridor_pit, minmay_quantized
D:4:      layout_rooms, lemuel_crystal_altar, serial_bayou,
          serial_bayou_lagoon_a, serial_bayou_crossing, serial_bayou_pond_a,
          serial_bayou_lake_a, serial_shops, nicolae_shop_statue_plus,
          nicolae_take_the_stairs, shop, shop, nicolae_stop_n_shop_2,
          uniq_eustachio, uniq_blork_the_orc
D:5:      layout_basic, grunt_temple_overflow_opulence
D:6:      layout_rooms, minmay_temple_entry_grid
D:7:      layout_basic, uniq_pikel, uniq_maggie, uniq_duvessa
Temple:   minmay_freezing_vapour_temple

Skill      XL: |  1  2  3  4  5  6  7  8  9 |
---------------+----------------------------+-----
Fighting       | 1 2 3 5 6 |  6.4
Spellcasting   | 3 4 5 6 7 |  7.6
Dodging        | 3 4 6 7 |  7.5
Stealth        | |  1.5

Action                   |  1- 3 |  4- 6 |  7- 9 | 10-12 || total
-------------------------+-------+-------+-------+-------++-------
Melee: Long sword        |     7 |    26 |    49 |    13 ||    95
       Unarmed           |       |       |    17 |       ||    17
 Cast: Sting             |    57 |    55 |    35 |       ||   147
       Olgreb's Toxic Ra |       |     5 |    30 |     3 ||    38
       Mephitic Cloud    |       |     1 |     1 |       ||     2
       Spider Form       |       |       |     2 |       ||     2
       Poisonous Vapours |       |       |     1 |       ||     1
       Animate Armour    |       |       |     4 |     3 ||     7
 Abil: End Transformatio |       |       |     1 |       ||     1
  Use: Scroll            |     5 |     4 |     7 |       ||    16
       Potion            |       |     1 |     2 |     1 ||     4
Armor: Robe              |     8 |     5 |     9 |       ||    22
       Skin              |       |       |     1 |       ||     1
       Leather armour    |       |       |       |     5 ||     5
Dodge: Dodged            |    24 |    34 |    98 |    12 ||   168

Table legend: (Time is in decaauts)
 A = Elapsed time spent in this place.
 B = Non-inter-level travel time spent in this place.
 C = Inter-level travel time spent in this place.
 D = Time resting spent in this place.
 E = Time spent auto-exploring this place.
 F = Levels seen in this place.
 G = Mean time per level.
                   A        B        C        D        E       F      G
               +--------+--------+--------+--------+--------+-----+--------+
         Total |   9661 |   9232 |    429 |   2225 |   5842 |   8 | 1207.6 |
       Dungeon |   9650 |   9225 |    425 |   2225 |   5842 |   7 | 1378.6 |
        Temple |     10 |      6 |      4 |      0 |      0 |   1 |   10.0 |
               +--------+--------+--------+--------+--------+-----+--------+

Top non-repeatable levels by time:
     D:1: 2368 daAuts
     D:6: 1995 daAuts
     D:3: 1818 daAuts
     D:4: 1322 daAuts
     D:5: 1103 daAuts
     D:2: 932 daAuts
     D:7: 109 daAuts
  Temple: 10 daAuts
